 Dungeon Crawl Stone Soup version 0.20.0-4-g10b340a (webtiles) character file.

370109 xgamer67 the Impaler (level 21, -51/171 HPs)
             Began as a Demonspawn Abyssal Knight on May 27, 2017.
             Was the Champion of Lugonu.
             Annihilated by a titanic slime creature (82 damage)
             ... while paralysed by a floating eye
             ... on level 4 of the Abyss.
             The game lasted 05:35:13 (71085 turns).

xgamer67 the Impaler (Demonspawn Abyssal Knight)   Turns: 71085, Time: 05:35:13

Health: -51/171    AC: 35    Str: 19      XL:     21   Next: 67%
Magic:  23/31      EV:  2    Int: 20 (21) God:    Lugonu [******]
Gold:   1584       SH:  0    Dex: 21      Spells: 6/34 levels left

rFire    + + .     SeeInvis .   a - +9 glaive (distort)
rCold    . . .     Gourm    .   (shield currently unavailable)
rNeg     . . .     Faith    .   L - +3 fire dragon scales
rPois    +         Spirit   .   (helmet unavailable)
rElec    .         Reflect  +   Z - +2 cloak {rPois}
rCorr    .         Harm     .   M - +1 pair of gloves
MR       +....                  p - +2 pair of boots
Stlth    ..........             o - +4 amulet of reflection
Regen    0.4/turn               v - +5 ring of evasion
MPRegen  0.3/turn               X - ring "Axeix" {EV+4 Int+6 Dex+6}

@: confused, paralysed, afraid, sanguine armour, berserk cooldown, contaminated,
slowed, glowing, invisible (but backlit and visible) (expiring)
A: horns 3, cold resistance 1, demonic guardian 2, foul stench 2, rot immunity,
freezing cloud immunity, sanguine armour 2
}: 2/15 runes: barnacled, gossamer
a: Depart the Abyss, Bend Space, Banish, Corrupt, Enter the Abyss, Renounce
Religion


You were on level 4 of the Abyss.
You worshipped Lugonu.
Lugonu was exalted by your worship.
You were not hungry.

You visited 7 branches of the dungeon, and saw 40 of its levels.
You visited the Abyss 2 times.
You visited 1 bazaar.
You also visited: Labyrinth.

You collected 4454 gold pieces.
You spent 2870 gold pieces at shops.

Inventory:

Hand Weapons
 a - a +9 glaive of distortion (weapon)
 b - a +0 blowgun
Missiles
 I - 22 javelins of returning (quivered)
 K - 10 curare-tipped needles
 O - 12 javelins of penetration
Armour
 p - a +2 pair of boots (worn)
 L - +3 fire dragon scales (worn)
 M - a +1 pair of gloves (worn)
 Z - a +2 cloak of poison resistance (worn)
Jewellery
 h - an uncursed amulet of faith
 i - an uncursed ring of resist corrosion
 l - an uncursed ring of positive energy
 n - an uncursed ring of protection from fire
 o - a +4 amulet of reflection (around neck)
 v - a +5 ring of evasion (left hand)
 y - an uncursed ring of protection from cold
 z - the ring "Subuig" {MP-9 Str+9 Int-5 Slay+3 SInv}
   (You bought it in a shop on level 4 of the Vaults)

   [ring of slaying]

   It affects your strength (+9).
   It affects your intelligence (-5).
   It affects your accuracy and damage with ranged weapons and melee attacks
   (+3).
   It affects your magic capacity (-9).
   It lets you see invisible.
 Q - an uncursed ring of flight
 R - an uncursed ring of see invisible
 W - an uncursed ring of wizardry
 X - the ring "Axeix" (right hand) {EV+4 Int+6 Dex+6}
   (You bought it in a shop on level 5 of the Dungeon)

   [ring of evasion]

   It affects your evasion (+4).
   It affects your intelligence (+6).
   It affects your dexterity (+6).
Wands
 e - a wand of clouds (1/9)
 f - a wand of enslavement (18/24)
 j - a wand of disintegration (5/24)
 s - a wand of disintegration (4/24)
 x - a wand of clouds (5/9)
 F - a wand of polymorph (13/24)
 J - a wand of digging (7/24)
 N - a wand of paralysis (11/24)
Scrolls
 q - 3 scrolls of fog
 C - 7 scrolls of recharging
 E - 11 scrolls of identify
 G - 3 scrolls of magic mapping
 H - 2 scrolls of immolation
 S - 3 scrolls of teleportation
 U - a scroll of fear
Potions
 d - 3 potions of berserk rage
 g - 3 potions of might
 k - 6 potions of curing
 m - a potion of invisibility
 r - 6 potions of heal wounds
 t - 4 potions of flight
 A - 4 potions of haste
 D - 5 potions of cancellation
 P - a potion of resistance
 T - a potion of magic
 Y - 4 potions of agility
Miscellaneous
 w - a lightning rod (2/4)
 B - a fan of gales
Comestibles
 c - 21 bread rations
 u - 18 meat rations


   Skills:
 - Level 16.0 Fighting
   Level 7.4(14.9) Axes
 - Level 19.7(20.1) Polearms
 + Level 14.4 Armour
 + Level 14.3 Dodging
   Level 4.0 Shields
 - Level 7.0 Spellcasting
 - Level 14.4 Necromancy
 - Level 11.0 Invocations


You had 6 spell levels left.
You knew the following spells:

 Your Spells              Type           Power        Failure   Level  Hunger
a - Animate Skeleton      Necr           N/A          1%          1    None
b - Apportation           Tloc           #.....       24%         1    None
c - Confusing Touch       Hex            #.....       24%         1    None
d - Summon Small Mammal   Summ           #...         24%         1    None
e - Blink                 Tloc           N/A          36%         2    None
f - Animate Dead          Necr           N/A          1%          4    ###....
g - Control Undead        Necr           ######....   1%          4    ###....
h - Cigotuvi's Embrace    Necr           ######....   1%          5    #####..
i - Death Channel         Necr           ######....   10%         6    ######.
j - Recall                Summ/Tloc      N/A          58%         3    #......


Dungeon Overview and Level Annotations

Branches:
Dungeon (15/15)            Temple (0/1) D:5            Lair (6/6) D:9
 Shoals (4/4) Lair:3       Spider (4/4) Lair:3        Slime (0/5) Lair:5
    Orc (2/2) D:9             Elf (0/3) Orc:2        Vaults (4/5) D:13
  Crypt (0/3) Vaults:3     Depths (5/5) D:15
    Zot: Depths:5

Altars:
Ashenzari
Kikubaaqudgha
Okawaru
Qazlal
Ru
Sif Muna
Trog
Uskayaw
Vehumet
Xom
Yredelemnul
The Shining One
Beogh
Jiyva

Shops:
D:5 ==   D:8 [   Orc:2 ?(}!   Shoals:2 [   Vaults:4 *   Depths:2 *

Portals:
Hell: Depths:1 Depths:2 Depths:3 Depths:5
Abyss: Depths:4
Pandemonium: Depths:2 Depths:3 Depths:5
Ziggurat: Depths:1

Annotations:
D:12 Kirke
Lair:5 1 runed door
Shoals:4 Ilsuiw
Spider:3 !nikola, Nikola
Depths:2 1 transporter
Depths:3 exclusions: obsidian statue and orange crystal statue
Depths:4 Frederick, Mennas
Abyss:1 Polyphemus, Sonja


Innate Abilities, Weirdness & Mutations

You have a pair of large horns on your head.
Your flesh is cold resistant. (rC+)
A demonic guardian rushes to your aid.
You frequently emit foul miasma when damaged in melee.
You are immune to rotting.
You are immune to freezing clouds.
When seriously injured, your bleeding wounds create thick armour. (AC +9)


Message History

The cacodemon hits you!
The cacodemon hits you but does no damage.
The titanic slime creature is engulfed in dark miasma.
The titanic slime creature is poisoned.
The titanic slime creature hits you!!!
* * * LOW HITPOINT WARNING * * *
The golden eye blinks at you.
You are more confused.
The golden eye blinks at you.
You easily resist.
The large abomination hits you.
* * * LOW HITPOINT WARNING * * *
The cacodemon hits you but does no damage. x2
The floating eye seems to glare at you.
The Executioner hits you but does no damage. x2
The Executioner completely misses you.
The Executioner hits you but does no damage. x3
The titanic slime creature is engulfed in dark miasma.
The titanic slime creature looks even sicker.
The titanic slime creature seems to slow down.
The titanic slime creature hits you!!!!
You die...

##....## #x.
#......# X..
##..###.#+#x###
#.x##.#...X.#G#
#.X'.G#X.#..#zG
#z##G#.....#G#
#GX###22.J.###


#xXXJ@1XJxx.. ##xXX#####.x. ##XX#G4.#x.# #Xx##z##x.# ##XG#G#..## ##.XxX..#
##..#### ### You could see 2 cacodemons, an Executioner, a titanic slime
creature, a very large slime creature, a large slime creature, 2 shining eyes, 3
glowing orange brains, 16 large abominations, an eye of draining, 10 small
abominations, 3 flying skulls, a floating eye, 2 golden eyes, 2 macabre masses
and a friendly orange demon.

Vanquished Creatures
  Sojobo (Depths:2)
  Arachne (Spider:2)
  2 liches
  Rupert (Lair:6)
  Asterion (Spider:3)
  Frances (Spider:2)
  3 sphinxes
  2 tentacled starspawn
  4 tengu reavers
  The ghost of kelthazard the Grappler, a journeyman TrMo of Makhleb (Spider:1)
  2 frost giants
  3 fire giants
  3 vault wardens
  3 emperor scorpions (Spider:4)
  3 ironheart preservers
  11 stone giants
  17 very ugly things
  2 entropy weavers
  Azrael (D:14)
  2 spark wasps
  6 merfolk javelineers
  5 merfolk impalers
  A deep elf death mage (Vaults:4)
  5 ettins
  2 crystal guardians (Vaults:3)
  A jiangshi (Depths:3)
  2 fire dragons
  7 yaktaur captains
  Josephine (D:12)
  A minotaur (Lab)
  Erolcha (Abyss:1)
  6 great orbs of eyes
  Fannar (Lair:3)
  A spriggan air mage (Depths:3)
  6 ice dragons
  6 centaur warriors
  A hydra (Lair:4)
  A satyr (Shoals:2)
  4 merfolk avatars
  17 two-headed ogres
  6 merfolk aquamancers (Shoals:4)
  A catoblepas (Shoals:2)
  5 ogre magi
  4 deep troll shamans
  3 vampire magi
  5 tengu warriors
  2 death yaks
  2 hell hogs (Abyss:1)
  9 deep troll earth magi
  A storm dragon zombie (Depths:3)
  4 orc high priests (Orc:2)
  3 thrashing horrors (Abyss:2)
  2 sun demons (Depths:3)
  Urug (Lair:3)
  A soul eater (Depths:3)
  3 deep elf knights
  A salamander mystic (Depths:4)
  3 wretched stars
  10 sea snakes
  5 skeletal warriors
  4 iron trolls
  25 deep trolls
  A spatial maelstrom (Abyss:4)
  A storm dragon skeleton (Depths:1)
  6 wizards
  A flayed ghost (Depths:3)
  An unseen horror (shapeshifter) (Vaults:4)
  4 unseen horrors
  A glowing orange brain (Depths:2)
  A swamp dragon (shapeshifter) (Depths:1)
  A deep elf archer (Vaults:4)
  A harpy (shapeshifter) (Vaults:2)
  6 ironbrand convokers
  5 necromancers
  11 orc knights
  6 orc sorcerers
  A tengu zombie (Vaults:3)
  25 harpies
  15 orb spiders
  5 deep elf magi
  28 ugly things
  22 fauns
  11 manticores
  18 wolf spiders
  4 cyclopes
  A frost giant skeleton (Depths:3)
  3 moths of wrath
  3 salamanders
  A cyclops (shapeshifter) (Vaults:1)
  A fire giant skeleton (Vaults:1)
  Psyche (D:9)
  Maurice (D:12)
  An apocalypse crab (Abyss:4)
  5 elephants
  8 merfolk sirens
  3 naga magi (Vaults:3)
  6 vault sentinels
  8 black mambas
  A guardian serpent (shapeshifter) (D:15)
  A stone giant skeleton (Vaults:3)
  A guardian serpent (Abyss:2)
  2 molten gargoyles (Lair:6)
  2 spriggan skeletons (Depths:1)
  3 spectral swamp worms
  7 water nymphs
  2 gargoyles
  A smoke demon (Abyss:1)
  A torpor snail (Spider:2)
  An orange demon (Abyss:2)
  A yaktaur zombie (Vaults:1)
  A centaur skeleton (D:13)
  10 spiny frogs
  5 komodo dragons
  2 efreet
  3 rime drakes
  A yaktaur (shapeshifter) (Depths:4)
  30 yaktaurs
  8 demonic crawlers
  6 freezing wraiths
  A hellwing (Abyss:2)
  A kobold demonologist (D:13)
  An ice devil (Depths:3)
  10 trolls
  A meliai (shapeshifter) (Depths:1)
  3 human skeletons (Vaults:1)
  4 ancient zymes
  5 tengu conjurers
  4 polar bears
  12 hornets
  A red devil (Depths:3)
  39 merfolk
  6 wind drakes
  5 raiju
  10 hippogriffs
  31 jumping spiders
  10 dream sheep
  12 slime creatures
  35 blink frogs
  A dream sheep (shapeshifter) (Vaults:1)
  2 shadows
  5 snapping turtles
  18 tarantellas
  Sigmund (D:4)
  2 air elementals (Depths:1)
  A vampire (D:13)
  63 redbacks
  4 hogs (D:12)
  9 water elementals
  3 wyverns
  A human (D:13)
  A yak (shapeshifter) (Depths:1)
  6 wraiths
  A human (shapeshifter) (Vaults:4)
  21 yaks
  5 basilisks
  4 hungry ghosts
  A steam dragon (Lair:6)
  Grum (D:9)
  3 fire elementals
  A chaos spawn (Abyss:2)
  4 vampire mosquitoes (D:12)
  A naga (shapeshifter) (Vaults:2)
  5 swamp worms (Lair:3)
  5 wargs
  An acid dragon (D:15)
  A soldier ant (D:14)
  4 hell hounds
  10 large abominations
  19 water moccasins
  2 elf zombies (Vaults:3)
  45 orc warriors
  5 sky beasts
  9 porcupines
  2 ice beasts
  An eye of draining (D:13)
  2 necrophages
  7 black bears (Lair:2)
  6 phantoms
  18 boggarts
  9 wolves
  20 ogres
  11 centaurs
  15 crocodiles
  A big kobold (D:12)
  20 bullfrogs
  A wyvern zombie (D:12)
  A water moccasin zombie (D:10)
  6 scorpions
  12 small abominations
  23 killer bees
  2 electric eels
  4 howler monkeys
  A vampire bat (Lair:2)
  19 wights
  14 crimson imps
  4 lava snakes (Lair:6)
  A centaur zombie (D:6)
  2 bullfrog zombies
  4 quasits
  A jelly (D:7)
  2 bullfrog skeletons
  40 orc wizards
  28 orc priests
  2 hounds
  4 iron imps
  14 iguanas
  A worker ant (shapeshifter) (Depths:1)
  12 worker ants
  A killer bee zombie (D:10)
  A hound zombie (D:7)
  3 hound skeletons
  A howler monkey zombie (D:7)
  8 gnolls
  A howler monkey skeleton (D:8)
  14 adders
  4 shadow imps
  3 white imps
  3 ufetubi
  An ooze (shapeshifter) (Vaults:3)
  18 worms
  7 dart slugs (D:1)
  2 leopard geckos
  148 orcs
  7 giant cockroaches
  9 goblins
  3 hobgoblins
  24 jackals
  6 kobolds
  3 quokkas
  3 ball pythons
  14 bats
  5 frilled lizards
  A jackal zombie (D:7)
  3 leopard gecko skeletons
  An orc skeleton (Abyss:1)
  2 quokka skeletons (D:5)
  11 rats
  2 plants (Shoals:4)
  A starspawn tentacle (Abyss:2)
1621 creatures vanquished.

Vanquished Creatures (collateral kills)
  Jorgrun (Spider:3)
  A quicksilver dragon (shapeshifter) (D:15)
  A tentacled starspawn (Abyss:2)
  A frost giant (Vaults:4)
  A ghost moth (Spider:4)
  3 very ugly things
  A spriggan defender (Depths:3)
  2 ironheart preservers
  A stone giant (Depths:1)
  An entropy weaver (Spider:2)
  2 merfolk javelineers
  3 ettins
  2 merfolk impalers
  3 ogre magi
  A rakshasa (Vaults:2)
  3 yaktaur captains
  An ice dragon (Depths:3)
  A catoblepas (Lair:6)
  2 centaur warriors
  9 two-headed ogres
  Erica (Orc:1)
  A deep troll shaman (Depths:3)
  A satyr (Shoals:3)
  A tengu warrior (Depths:1)
  A deep elf knight (D:15)
  A skeletal warrior (D:13)
  A deep troll (Vaults:2)
  A deep elf archer (Vaults:2)
  A glowing orange brain (Depths:1)
  An orc knight (Vaults:3)
  A lindwurm (Lair:6)
  A golden dragon skeleton (Depths:3)
  3 ugly things
  11 wolf spiders
  3 orb spiders
  2 manticores
  2 human zombies (Vaults:1)
  3 fauns (Shoals:3)
  3 elephants
  A slime creature (D:15)
  2 merfolk sirens
  3 black mambas (Lair:6)
  A frost giant skeleton (Vaults:1)
  3 spiny frogs
  A centaur skeleton (D:6)
  A spectral swamp worm (Depths:3)
  A komodo dragon (Lair:6)
  A demonic crawler (Spider:4)
  4 jumping spiders
  6 merfolk
  5 hornets
  A hippogriff (D:8)
  5 blink frogs
  A tarantella (Spider:4)
  9 redbacks
  A wyvern (Lair:6)
  A yak (Lair:4)
  A spriggan (D:13)
  A hog (D:12)
  A water elemental (Shoals:2)
  A hell hound (D:15)
  4 orc warriors
  An ice beast (D:12)
  3 ogres
  A wolf (Lair:1)
  4 centaurs
  2 bullfrogs
  A scorpion (D:7)
  A killer bee (D:11)
  A howler monkey (D:8)
  An orc wizard (D:3)
  An orc priest (D:8)
  Terence (D:2)
  A worker ant (D:7)
  5 orcs
  A bat (D:2)
158 creatures vanquished.

Vanquished Creatures (others)
  2 krakens
  A tentacled starspawn (Abyss:3)
  A tengu reaver (Depths:2)
  A fire giant (Depths:3)
  A frost giant (Depths:1)
  4 emperor scorpions
  An orc warlord (Orc:2)
  2 ironheart preservers (Vaults:2)
  3 very ugly things
  A vampire knight (Depths:3)
  A deep elf demonologist (Vaults:4)
  2 stone giants
  3 spark wasps (Depths:1)
  A merfolk javelineer (Shoals:4)
  2 jiangshi (Depths:3)
  2 yaktaur captains (Vaults:3)
  3 merfolk impalers
  A rakshasa (Depths:3)
  A vault guard (Vaults:4)
  A spriggan air mage (Depths:1)
  A merfolk aquamancer (Shoals:2)
  A merfolk avatar (Shoals:2)
  2 two-headed ogres
  A deep troll earth mage (Depths:1)
  A sun demon (Depths:3)
  An iron troll (Depths:2)
  A wizard (Vaults:2)
  A sea snake (Shoals:4)
  A deep elf archer (Vaults:3)
  7 deep trolls
  4 orc knights
  An ironbrand convoker (Vaults:2)
  A deep elf mage (Vaults:3)
  A wolf spider (Spider:4)
  2 fauns
  3 ugly things
  3 manticores
  5 cyclopes
  A merfolk siren (Shoals:4)
  A stone giant skeleton (Depths:1)
  A water nymph (Shoals:4)
  A vault sentinel (Vaults:2)
  A rime drake (Lair:6)
  A demonic crawler (Spider:3)
  4 yaktaurs
  A freezing wraith (Vaults:3)
  A komodo dragon (Lair:6)
  7 merfolk
  A hornet (Spider:4)
  A raiju (Abyss:2)
  2 snapping turtles (Shoals:2)
  A slime creature (Vaults:1)
  An ice dragon skeleton (Depths:1)
  A tarantella (Spider:4)
  3 redbacks (Spider:4)
  A water elemental (Shoals:2)
  A yak (Lair:2)
  A small abomination (Abyss:2)
  An orc warrior (D:8)
  2 ice beasts (D:13)
  A boggart (Vaults:1)
  An ogre (Vaults:3)
  A crimson imp (D:13)
  15 fungi
  22 plants
  5 starspawn tentacles
  18 tentacles
169 creatures vanquished.

Grand Total: 1948 creatures vanquished

Notes
Turn   | Place    | Note
-------+----------+-------------------------------------------
     0 | Abyss:1  | xgamer67 the Demonspawn Abyssal Knight began the quest for the Orb.
     0 | Abyss:1  | Reached XP level 1. HP: 18/18 MP: 2/2
    24 | D:1      | Escaped the Abyss
   336 | D:1      | Gained mutation: You have a pair of small horns on your head. [demonic ancestry]
   336 | D:1      | Reached XP level 2. HP: 24/24 MP: 3/3
   600 | D:1      | Gained mutation: A weak demonic guardian rushes to your aid. [demonic ancestry]
   600 | D:1      | Reached XP level 3. HP: 29/29 MP: 4/4
   617 | D:1      | Reached ** piety under Lugonu
  1436 | D:2      | Noticed Terence
  1691 | D:2      | Reached XP level 4. HP: 34/35 MP: 5/5
  1783 | D:2      | Killed Terence
  1997 | D:2      | Found a faded altar of an unknown god.
  2550 | D:3      | Reached XP level 5. HP: 41/41 MP: 6/6
  2694 | D:3      | Reached skill level 5 in Axes
  2894 | D:3      | Reached *** piety under Lugonu
  3347 | D:4      | Gained mutation: When seriously injured, your bleeding wounds create armour. (AC +9) [demonic ancestry]
  3347 | D:4      | Reached XP level 6. HP: 47/47 MP: 7/7
  3489 | D:4      | Found a shattered altar of Ashenzari.
  3540 | D:5      | Entered Level 5 of the Dungeon
  3540 | D:5      | Found Pacuv's Jewellery Shoppe.
  3864 | D:5      | Found a staircase to the Ecumenical Temple.
  4003 | D:5      | Reached skill level 5 in Invocations
  4243 | D:6      | Found an iron altar of Okawaru.
  4457 | D:4      | Reached XP level 7. HP: 47/52 MP: 9/11
  4504 | D:4      | Noticed Sigmund
  4554 | D:6      | Found a bloodstained altar of Trog.
  4554 | D:6      | Found a hide-covered altar of Uskayaw.
  4554 | D:6      | Found a basalt altar of Yredelemnul.
  4616 | D:6      | Found a stormy altar of Qazlal.
  4800 | D:7      | Found a deep blue altar of Sif Muna.
  4854 | D:7      | Reached **** piety under Lugonu
  5797 | D:8      | Gained mutation: When seriously injured, your bleeding wounds create thick armour. (AC +9) [demonic ancestry]
  5797 | D:8      | Reached XP level 8. HP: 11/58 MP: 13/13
  6104 | D:8      | Got a polished trident
  6162 | D:8      | Identified the +8 trident "Babbax" {pierce, *Noise rPois MR+ Int+2} (You found it on level 8 of the Dungeon)
  6359 | D:6      | Reached skill level 1 in Dodging
  6418 | D:6      | Reached skill level 1 in Polearms
  6426 | D:6      | Reached skill level 3 in Polearms
  6783 | D:5      | Reached skill level 4 in Polearms
  6852 | D:5      | Found Usifrahu's Jewellery Shop.
  7112 | D:6      | Found a glowing golden altar of the Shining One.
  7121 | D:6      | Reached skill level 5 in Polearms
  7405 | D:6      | Reached XP level 9. HP: 63/63 MP: 15/15
  7540 | D:6      | Reached skill level 6 in Polearms
  7960 | D:6      | Reached skill level 7 in Polearms
  8458 | D:7      | Reached ***** piety under Lugonu
  8724 | D:7      | Found a sacrificial altar of Ru.
  9428 | D:8      | Found Dainuq's Antique Armour Emporium.
  9618 | D:8      | Noticed a two-headed ogre
  9816 | D:9      | Reached XP level 10. HP: 60/70 MP: 16/16
  9872 | D:9      | Noticed a cyclops
 10082 | D:10     | Entered Level 10 of the Dungeon
 10126 | D:10     | Reached skill level 8 in Polearms
 10543 | D:10     | Reached skill level 5 in Armour
 11102 | D:11     | Reached skill level 5 in Dodging
 11680 | D:11     | Reached skill level 9 in Polearms
 12371 | D:8      | Reached ****** piety under Lugonu
 13308 | D:8      | Killed a two-headed ogre
 13308 | D:8      | Gained mutation: You have a pair of horns on your head. [demonic ancestry]
 13308 | D:8      | Reached XP level 11. HP: 78/78 MP: 17/17
 13476 | D:8      | Reached skill level 5 in Fighting
 13509 | D:8      | Found a roughly hewn altar of Beogh.
 13571 | D:9      | Noticed Psyche
 13582 | D:9      | Killed Psyche
 13607 | D:9      | Got a spiked buckler
 13630 | D:9      | Found a staircase to the Lair.
 13649 | D:9      | Noticed Grum
 13657 | D:9      | Reached skill level 10 in Polearms
 13663 | Lair:1   | Entered Level 1 of the Lair of Beasts
 13875 | Lair:1   | Identified the +3 buckler of the Bells {+Blink} (You found it on level 9 of the Dungeon)
 14375 | Lair:1   | Reached skill level 10 in Invocations
 14522 | Lair:1   | Reached skill level 1 in Shields
 15339 | Lair:3   | Noticed Urug
 16581 | Lair:2   | Gained mutation: A demonic guardian rushes to your aid. [demonic ancestry]
 16581 | Lair:2   | Reached XP level 12. HP: 84/88 MP: 19/19
 16587 | Lair:2   | Found a shimmering altar of Xom.
 17219 | Lair:3   | Found a deep blue altar of Sif Muna.
 17223 | Lair:3   | Noticed Fannar
 17420 | D:9      | Killed Grum
 17420 | D:9      | Reached skill level 11 in Polearms
 17601 | D:9      | Found a staircase to the Orcish Mines.
 17814 | D:9      | Found a deep blue altar of Sif Muna.
 18366 | D:12     | Found an ancient bone altar of Kikubaaqudgha.
 18392 | D:12     | Noticed Kirke
 18405 | D:13     | Noticed a centaur warrior
 18405 | D:13     | Noticed a two-headed ogre
 18439 | D:12     | Noticed Maurice
 18653 | D:12     | Killed Maurice
 19045 | Orc:1    | Entered Level 1 of the Orcish Mines
 19103 | Orc:1    | Noticed Erica
 19111 | Orc:1    | Killed Erica
 19153 | Orc:1    | Found a roughly hewn altar of Beogh.
 19154 | Orc:1    | You fall through a shaft!
 19154 | Orc:2    | Entered Level 2 of the Orcish Mines
 19256 | Orc:1    | Noticed Erolcha
 19257 | Orc:1    | Banished Erolcha
 20238 | Lair:3   | Found a hole to the Spider Nest.
 20315 | Lair:3   | Killed Urug
 20924 | Lair:4   | Noticed a four-headed hydra
 20937 | Lair:4   | Killed a four-headed hydra
 21753 | D:5      | Bought the ring "Axeix" {EV+4 Int+6 Dex+6} for 954 gold pieces
 21761 | D:4      | Killed Sigmund
 21945 | Lair:4   | Reached XP level 13. HP: 78/99 MP: 20/20
 22394 | Lair:5   | Learned a level 1 spell: Animate Skeleton
 22396 | Lair:5   | Learned a level 1 spell: Apportation
 22398 | Lair:5   | Learned a level 1 spell: Confusing Touch
 22400 | Lair:5   | Learned a level 1 spell: Summon Small Mammal
 22569 | Lair:5   | Found a runed door.
 22569 | Lair:5   | Found a viscous altar of Jiyva.
 22571 | Lair:5   | Noticed an acid blob
 22571 | Lair:5   | Noticed an acid blob
 22627 | Lair:5   | Reached skill level 1 in Spellcasting
 22875 | Lair:5   | Found a staircase to the Slime Pits.
 22936 | Lair:6   | Entered Level 6 of the Lair of Beasts
 23193 | Lair:6   | Reached skill level 10 in Fighting
 24165 | Lair:6   | Reached skill level 12 in Polearms
 24820 | Lair:6   | Noticed Rupert
 25144 | Lair:3   | Killed Fannar
 25360 | Lair:3   | Found a staircase to the Shoals.
 26128 | Lair:6   | Killed Rupert
 26128 | Lair:6   | Reached skill level 13 in Polearms
 26624 | Lair:6   | Gained mutation: You are immune to rotting. [demonic ancestry]
 26624 | Lair:6   | Reached XP level 14. HP: 91/110 MP: 21/21
 27131 | Lair:6   | Found a large runed door.
 27131 | Lair:6   | Found a large runed door.
 28117 | Orc:2    | Found a staircase to the Elven Halls.
 28128 | Orc:2    | Noticed an orc warlord
 28662 | Orc:2    | Banished an orc warlord
 29715 | Orc:2    | Found Wufoschue's Antique Weapon Shop.
 29715 | Orc:2    | Found Coehav's Distillery.
 29716 | Orc:2    | Found Oxzezuob's Gadget Boutique.
 29719 | Orc:2    | Found Guifal's Magic Scroll Shop.
 29723 | Orc:2    | Bought a potion of degeneration for 13 gold pieces
 29726 | Orc:2    | Bought a scroll of fear for 45 gold pieces
 29726 | Orc:2    | Bought a scroll of teleportation for 39 gold pieces
 29726 | Orc:2    | Bought a scroll of identify for 26 gold pieces
 29726 | Orc:2    | Bought a scroll of identify for 26 gold pieces
 29726 | Orc:2    | Bought a scroll of identify for 26 gold pieces
 29726 | Orc:2    | Bought a scroll of blinking for 97 gold pieces
 29726 | Orc:2    | Bought a scroll of fear for 45 gold pieces
 29743 | Orc:2    | Bought a potion of invisibility for 104 gold pieces
 29743 | Orc:2    | Bought a potion of heal wounds for 65 gold pieces
 29743 | Orc:2    | Bought a potion of haste for 130 gold pieces
 29743 | Orc:2    | Bought a potion of heal wounds for 65 gold pieces
 29743 | Orc:2    | Bought a potion of curing for 39 gold pieces
 29994 | D:12     | Noticed Josephine
 30060 | D:12     | Killed Josephine
 30231 | D:12     | Learned a level 2 spell: Blink
 30871 | D:13     | Found a gate to the Vaults.
 31342 | D:13     | Noticed Sonja
 31343 | D:13     | Banished Sonja
 31599 | D:14     | Found a labyrinth entrance.
 31607 | Lab      | Entered a labyrinth
 33029 | D:15     | Entered Level 15 of the Dungeon
 33254 | D:15     | Reached skill level 10 in Armour
 33272 | D:15     | Reached skill level 10 in Dodging
 33337 | D:15     | Gained mutation: You may emit foul miasma when damaged in melee. [demonic ancestry]
 33337 | D:15     | Reached XP level 15. HP: 118/118 MP: 23/23
 33339 | D:15     | Noticed a quicksilver dragon
 33346 | D:15     | Killed a quicksilver dragon
 33351 | D:15     | Noticed Azrael
 33462 | D:14     | Killed Azrael
 33462 | D:14     | Reached skill level 14 in Polearms
 33727 | D:15     | Found a staircase to the Depths.
 34882 | Spider:1 | Entered Level 1 of the Spider Nest
 34900 | Spider:1 | Noticed kelthazard's ghost (journeyman TrMo)
 35657 | Spider:1 | Killed kelthazard's ghost
 36378 | Spider:1 | Reached skill level 15 in Polearms
 36389 | Spider:1 | Found a roughly hewn altar of Beogh.
 36881 | Spider:2 | Noticed Arachne
 36915 | Spider:2 | Killed Arachne
 37120 | Spider:2 | Noticed Frances
 37154 | Spider:2 | Killed Frances
 37626 | Spider:2 | Reached skill level 16 in Polearms
 38204 | Spider:3 | Noticed Asterion
 38971 | Spider:3 | Noticed Nikola
 38981 | Spider:2 | Gained mutation: You have a pair of large horns on your head. [demonic ancestry]
 38981 | Spider:2 | Reached XP level 16. HP: 54/125 MP: 15/24
 39590 | D:15     | Identified a +3 glaive of distortion (a +1 glaive corrupted by Lugonu)
 39590 | D:15     | Received a gift from Lugonu
 39873 | Shoals:1 | Entered Level 1 of the Shoals
 40415 | Shoals:1 | Reached skill level 17 in Polearms
 41305 | Shoals:2 | Noticed Polyphemus
 41592 | Shoals:2 | Found Justuxec's Antique Armour Shop.
 41667 | Shoals:2 | Bought a pair of glowing boots for 285 gold pieces
 42396 | Shoals:2 | Noticed a kraken
 42532 | Shoals:2 | Banished Polyphemus
 43800 | Shoals:3 | Noticed a kraken
 43863 | Shoals:4 | Entered Level 4 of the Shoals
 43868 | Shoals:4 | Found a flickering gateway to a bazaar.
 43897 | Bazaar   | Entered a bazaar
 43897 | Bazaar   | Found Woneudyo's Gadget Shoppe.
 43905 | Bazaar   | Found Nuypaum's Weapon Shoppe.
 43910 | Bazaar   | Found Olef's Antique Armour Shop.
 43957 | Bazaar   | Found Tiaz's Weapon Shop.
 43988 | Bazaar   | Bought a shimmering chain mail for 237 gold pieces
 43998 | Bazaar   | Identified the +7 chain mail of Dithmenos's Esteem {rElec rF- rC+++} (You bought it in a shop in a bazaar)
 44164 | Shoals:3 | Banished a kraken
 45150 | Shoals:2 | Banished a kraken
 45282 | Shoals:2 | Gained mutation: Your flesh is cold resistant. (rC+) [demonic ancestry]
 45282 | Shoals:2 | Reached XP level 17. HP: 30/131 MP: 23/25
 45622 | Shoals:2 | Reached skill level 18 in Polearms
 46096 | Shoals:4 | Got a transparent glaive
 46097 | Shoals:4 | Identified the +3 glaive of Oggeaddi {flame, *Corrode rElec rF+ MP+9} (You found it on level 4 of the Shoals)
 46264 | Shoals:4 | HP: 3/131 [water nymph/the raging water (25)]
 47337 | Shoals:4 | Got a barnacled rune of Zot
 48034 | Shoals:4 | HP: 1/131 [alligator snapping turtle (28)]
 48041 | Shoals:4 | Reached skill level 19 in Polearms
 48386 | Shoals:4 | Got an ancient ring mail
 48751 | Shoals:4 | Noticed Ilsuiw
 49563 | Lair:3   | Identified the cursed +1 ring mail "Kokoaf" {rC+ Dex+4} (You took it off a merfolk on level 4 of the Shoals)
 49811 | Shoals:4 | Learned a level 4 spell: Animate Dead
 50074 | Vaults:1 | Entered Level 1 of the Vaults
 51633 | Vaults:1 | Identified a scroll of acquirement
 52145 | Vaults:1 | Reached skill level 1 in Necromancy
 52217 | Vaults:1 | Gained mutation: You are immune to freezing clouds. [demonic ancestry]
 52217 | Vaults:1 | Reached XP level 18. HP: 140/140 MP: 26/26
 52263 | Vaults:1 | Noticed a lich
 52661 | Vaults:1 | Reached skill level 5 in Necromancy
 54528 | Vaults:3 | Reached skill level 10 in Necromancy
 54959 | Vaults:3 | Found a staircase to the Crypt.
 56120 | Vaults:3 | Noticed a lich
 56344 | Depths:1 | Entered Level 1 of the Depths
 56457 | Depths:1 | Found a gateway to a ziggurat.
 57624 | Depths:1 | Reached XP level 19. HP: 130/148 MP: 27/27
 58288 | Depths:1 | Found a gateway to Hell.
 58742 | Depths:2 | Upgraded the game from 0.20.0-1-g1cb1d84 to 0.20.0-4-g10b340a
 59538 | Depths:2 | Noticed Sojobo
 59714 | Depths:2 | Reached skill level 15 in Fighting
 59808 | Depths:2 | Found Cupnats's General Store.
 60195 | Depths:2 | Killed Sojobo
 60372 | Depths:2 | Found a one-way gate leading to the halls of Pandemonium.
 60636 | Depths:3 | Learned a level 4 spell: Control Undead
 60642 | Depths:3 | Learned a level 5 spell: Cigotuvi's Embrace
 61148 | Depths:3 | Reached skill level 5 in Spellcasting
 61378 | Depths:4 | Noticed Frederick
 61965 | Spider:3 | Noticed Jorgrun
 62208 | Vaults:1 | Learned a level 6 spell: Death Channel
 62212 | Vaults:1 | Learned a level 3 spell: Recall
 62376 | Vaults:3 | Reached XP level 20. HP: 164/164 MP: 29/29
 62571 | Vaults:3 | Paralysed by a wizard for 3 turns
 62833 | Vaults:3 | Found a radiant altar of Vehumet.
 63202 | Orc:2    | Bought a scroll of enchant armour for 97 gold pieces
 63202 | Orc:2    | Bought a scroll of enchant armour for 97 gold pieces
 63208 | Orc:2    | Bought a scroll of magic mapping for 45 gold pieces
 63208 | Orc:2    | Bought a scroll of summoning for 123 gold pieces
 64144 | Vaults:4 | Found Oskiodau's Assorted Antiques.
 64165 | Vaults:4 | Bought a twitching copper ring for 195 gold pieces
 64165 | Vaults:4 | Bought a scroll of teleportation for 117 gold pieces
 64165 | Vaults:4 | Identified the ring "Subuig" {MP-9 Str+9 Int-5 Slay+3 SInv} (You bought it in a shop on level 4 of the Vaults)
 65228 | Spider:3 | Killed Asterion
 65334 | Spider:3 | Killed Jorgrun
 65621 | Spider:4 | Entered Level 4 of the Spider Nest
 66704 | Spider:4 | Got a gossamer rune of Zot
 67946 | Depths:3 | Gained mutation: You frequently emit foul miasma when damaged in melee. [demonic ancestry]
 67946 | Depths:3 | Reached XP level 21. HP: 166/171 MP: 31/31
 69004 | Depths:3 | Paralysed by a vampire knight for 7 turns
 69290 | Depths:5 | Entered Level 5 of the Depths
 69390 | Depths:5 | Noticed a juggernaut
 69584 | Depths:4 | Noticed Mennas
 69607 | Depths:4 | Found a one-way gate to the infinite horrors of the Abyss.
 69613 | Depths:4 | Voluntarily entered the Abyss.
 69805 | Abyss:1  | Killed Erolcha
 69826 | Abyss:1  | Found a corrupted altar of Lugonu.
 70988 | Abyss:4  | Found a corrupted altar of Lugonu.
 71082 | Abyss:4  | Paralysed by a floating eye for 4 turns
 71085 | Abyss:4  | Annihilated by a titanic slime creature

Skill      XL: |  1  2  3  4  5  6  7  8  9 10 11 12 13 14 15 16 17 18 19 20 21 |
---------------+----------------------------------------------------------------+-----
Axes           | 2 3 4 5 6 7 |  7.4
Invocations    | 5 7 8 9 10 11 | 11.0
Armour         | 2 4 5 6 8 10 11 12 14 | 14.4
Dodging        | 1 3 5 6 7 8 10 11 12 14 | 14.3
Polearms       | 5 7 9 10 11 13 16 17 19 | 19.7
Fighting       | 4 6 8 10 11 12 16 | 16.0
Shields        | 4 |  4.0
Spellcasting   | 4 6 7 |  7.0
Necromancy     | 3 10 11 14 | 14.4

Action                   |  1- 3 |  4- 6 |  7- 9 | 10-12 | 13-15 | 16-18 | 19-21 || total
-------------------------+-------+-------+-------+-------+-------+-------+-------++-------
Melee: Hand axe          |   114 |   210 |   155 |       |       |       |       ||   479
       Headbutt          |    16 |    31 |    50 |   117 |   319 |   230 |   320 ||  1083
       Trident           |       |       |   265 |  1038 |  1649 |    10 |       ||  2962
       Glaive            |       |       |       |       |       |  1602 |  1724 ||  3326
Throw: Javelin           |     1 |     2 |    10 |     5 |    25 |    24 |    10 ||    77
       Stone             |       |     2 |     1 |       |       |       |       ||     3
       Tomahawk          |       |       |    14 |     4 |       |       |       ||    18
 Cast: Animate Skeleton  |       |       |       |       |       |    10 |     9 ||    19
       Animate Dead      |       |       |       |       |       |     6 |    12 ||    18
       Cigotuvi's Embrac |       |       |       |       |       |       |     3 ||     3
       Death Channel     |       |       |       |       |       |       |     1 ||     1
Invok: Banish            |       |       |     1 |     2 |    10 |    17 |     3 ||    33
       Brand Weapon With |       |       |       |       |       |     1 |       ||     1
       Bend Space        |       |       |       |       |       |       |     1 ||     1
 Abil: Evoke Flight      |       |       |       |       |       |    12 |       ||    12
Evoke: Wand              |       |       |       |     3 |    13 |     4 |     2 ||    22
       Lightning rod     |       |       |       |       |     2 |     2 |     2 ||     6
       Fan of gales      |       |       |       |       |       |     2 |     1 ||     3
       Sack of spiders   |       |       |       |       |       |     1 |       ||     1
  Use: Scroll            |     1 |    11 |     2 |    12 |    17 |    18 |    18 ||    79
       Potion            |       |     3 |     2 |     5 |     5 |     6 |     6 ||    27
 Stab: Distracted        |       |       |     4 |     6 |     9 |     9 |     7 ||    35
       Sleeping          |       |       |       |     5 |       |       |       ||     5
       Invisible         |       |       |       |       |    12 |       |     1 ||    13
       Confused          |       |       |       |       |     2 |       |       ||     2
       Petrifying        |       |       |       |       |       |     2 |       ||     2
       Held in net/web   |       |       |       |       |       |       |     1 ||     1
  Eat: Chunk             |     2 |     9 |    17 |    38 |    46 |    58 |    33 ||   203
       Fruit             |       |       |     1 |     2 |    14 |    12 |    14 ||    43
       Meat ration       |       |       |       |       |       |       |     1 ||     1
Armor: Leather armour    |    34 |     1 |       |       |       |       |       ||    35
       Scale mail        |       |    15 |       |    80 |       |       |       ||    95
       Ring mail         |       |    42 |   115 |    44 |       |       |       ||   201
       Plate armour      |       |       |       |    55 |     5 |       |       ||    60
       Chain mail        |       |       |       |    28 |   325 |   418 |    37 ||   808
       Fire dragon scale |       |       |       |       |       |       |   221 ||   221
Dodge: Dodged            |    57 |    97 |   155 |   235 |   601 |   881 |   872 ||  2898
Block: Buckler           |       |       |       |   120 |   375 |     5 |       ||   500
       Other             |       |       |       |       |       |       |   138 ||   138
       Reflection        |       |       |       |       |       |       |    15 ||    15
